 Dungeon Crawl Stone Soup version 0.29-a0-303-ge4682ce883 (webtiles) character file.

Game seed: 7142271987360294914

33966 kae the Arsonist (level 13, -1/80 HPs)
             Began as a Tengu Fire Elementalist on Mar 25, 2022.
             Was a Follower of Vehumet.
             Slain by a komodo dragon (11 damage)
             ... on level 5 of the Lair of Beasts.
             The game lasted 00:21:30 (31090 turns).

kae the Arsonist (Tengu Fire Elementalist)         Turns: 31090, Time: 00:21:30

Health: -1/80      AC:  9    Str: 11    XL:     13   Next: 74%
Magic:  28/35      EV: 26    Int: 23    God:    Vehumet [*.....]
Gold:   1151       SH:  0    Dex: 28    Spells: 9/29 levels left

rFire   . . .      SeeInvis .   c - +7 trident of Anips {protect, MP+9 Str+2}
rCold   + . .      Faith    .   (no shield)
rNeg    . . .      Spirit   .   v - +0 steam dragon scales
rPois   .          Reflect  .   (helmet restricted)
rElec   .          Harm     .   g - +1 cloak
rCorr   .          Rampage  .   (no gloves)
Will    .....                   (boots unavailable)
Stlth   +++.......              F - amulet of magic regeneration
HPRegen 0.23/turn               B - ring of Life {rC+ Int+4 Dex+6}
MPRegen 0.64/turn               D - +6 ring of dexterity

@: flying quickly and evasively, quick
A: beak, talons 3, nimble flight
a: Renounce Religion


You were on level 5 of the Lair of Beasts.
You worshipped Vehumet.
Vehumet was aware of your devotion.
You visited 3 branches of the dungeon, and saw 17 of its levels.

You collected 1151 gold pieces.

Inventory:

Hand Weapons
 c - the +7 trident of Anips (weapon) {protect, MP+9 Str+2}
   (You found it on level 5 of the Dungeon)

   It grants its wielder temporary protection when it strikes (+7 to AC).
   Str:       It affects your strength (+2).
   MP:        It affects your magic capacity (+9).
 e - a +0 rapier
 f - the +7 hand axe of the Common Good {vorpal, rC+}
   (You found it on level 5 of the Dungeon)

   It inflicts extra damage upon your enemies.
   rC:        It protects you from cold.
 m - a +0 short sword of freezing
 r - a +2 trident of venom
 u - the +3 trident of Egallopt {venom, Fragile rC+ rN+ rCorr}
   (You found it on level 2 of the Lair of Beasts)

   It poisons the flesh of those it strikes.
   rC:        It protects you from cold.
   rN:        It protects you from negative energy.
   rCorr:     It protects you from acid and corrosion.
   Fragile:   It will be destroyed if unequipped.
Missiles
 C - a throwing net
Armour
 a - a +0 robe
 g - a +1 cloak (worn)
 v - +0 steam dragon scales (worn)
 y - the +2 leather armour of Sorcery {Fly Dex-5 SInv Stlth+}
   (You found it on level 6 of the Dungeon)

   Dex:       It affects your dexterity (-5).
   SInv:      It lets you see invisible.
   Fly:       It grants you flight.
   Stlth:     It makes you more stealthy.
Jewellery
 h - an amulet of faith
 n - an amulet of reflection
 o - a ring of ice
 B - the ring of Life (left hand) {rC+ Int+4 Dex+6}
   (You found it on level 7 of the Dungeon)

   [ring of dexterity]

   Int:       It affects your intelligence (+4).
   Dex:       It affects your dexterity (+6).
   rC:        It protects you from cold.
 D - a +6 ring of dexterity (right hand)
 F - an amulet of magic regeneration (around neck)
 H - a ring of wizardry
 K - a ring of magical power
Wands
 p - a wand of flame (37)
 z - a wand of iceblast (14)
 E - a wand of paralysis (2)
 N - a wand of polymorph (10)
 R - a wand of acid (4)
Scrolls
 j - 3 scrolls of fog
 k - 6 scrolls of teleportation
 w - 3 scrolls of enchant weapon
 x - 3 scrolls of vulnerability
 G - 2 scrolls of enchant armour
 I - a scroll of silence
 L - a scroll of torment
 Q - a scroll of magic mapping
 T - a scroll of amnesia
 U - a scroll of brand weapon
Potions
 b - 2 potions of magic
 d - 3 potions of mutation
 i - 4 potions of brilliance
 l - a potion of invisibility
 q - 2 potions of might
 s - 2 potions of cancellation
 t - 2 potions of haste
 A - 2 potions of attraction
 J - 5 potions of curing
 M - a potion of flight
 O - 2 potions of resistance
 P - a potion of berserk rage


   Skills:
 + Level 8.8 Fighting
 + Level 9.8 Armour
 + Level 10.0 Dodging
 - Level 2.0 Stealth
 + Level 8.5 Spellcasting
 + Level 11.5 Conjurations
 * Level 13.9 Fire Magic


You had 9 spell levels left.
You knew the following spells:

 Your Spells              Type           Power      Damage    Failure   Level
a - Foxfire               Conj/Fire      100%       2x1d9     1%          1
b - Scorch                Fire           100%       2d10      1%          2
c - Conjure Flame         Conj/Fire      62%        6-21      1%          3
d - Inner Flame           Hex/Fire       41%        N/A       1%          3
e - Flame Wave            Conj/Fire      62%        2d12      1%          4
f - Orb of Destruction    Conj           29%        9d9       43%         7

Your spell library contained the following spells:

 Spells                   Type           Power      Damage    Failure   Level
 Shock                    Conj/Air       100%       1d9       1%          1
 Dazzling Flash           Conj/Hex       72%        N/A       1%          3
 Stone Arrow              Conj/Erth      72%        3d11      1%          3
 Sandblast                Erth           18%        2d7       7%          1
 Passwall                 Tmut/Erth      7%         N/A       10%         2
 Call Canine Familiar     Summ           9%         N/A       21%         3
 Gell's Gravitas          Tloc           9%         N/A       21%         3
 Lesser Beckoning         Tloc           9%         N/A       21%         3
 Ozocubu's Armour         Ice            9%         N/A       21%         3
 Portal Projectile        Hex/Tloc       18%        N/A       21%         3
 Summon Guardian Golem    Hex/Summ       9%         N/A       21%         3
 Teleport Other           Tloc           9%         N/A       21%         3
 Cause Fear               Hex            4%         N/A       54%         4
 Leda's Liquefaction      Hex/Erth       4%         N/A       54%         4
 Agony                    Necr           9%         N/A       88%         5
 Alistair's Intoxication  Tmut/Pois      6%         N/A       88%         5
 Borgnjor's Vile Clutch   Necr/Erth      4%         N/A       88%         5
 Silence                  Hex/Air        4%         N/A       88%         5
 Spellforged Servitor     Conj/Summ      18%        N/A       99%         7
 Eringya's Noxious Bog    Tmut/Pois      4%         N/A       100%        6
 Ozocubu's Refrigeration  Ice            4%         4d5       100%        7
 Discord                  Hex            4%         N/A       100%        8


Dungeon Overview and Level Annotations

Branches:
Dungeon (11/15)            Temple (1/1) D:5            Lair (5/6) D:11
 Shoals (0/4) Lair:4       Spider (0/4) Lair:4          Orc (0/2) D:11
  Slime: Lair:5-6

Altars:
Ashenzari
Cheibriados
Dithmenos
Elyvilon
Fedhas
Gozag
Hepliaklqana
Kikubaaqudgha
Makhleb
Nemelex Xobeh
Okawaru
Qazlal
Ru
Sif Muna
Trog
Uskayaw
Vehumet
Wu Jian
Xom
Yredelemnul
Zin
The Shining One

Shops:
D:1 :

Annotations:
D:5 1 runed translucent door, qborf's ghost, amateur DjIE
Lair:3 Rupert
Lair:5 1 runed translucent door, Protee's ghost, journeyman NaIE


Innate Abilities, Weirdness & Mutations

You have a beak for a mouth.
You have claws for feet.
Your magical nature lets you fly swiftly and evasively.


Message History

Confirm with . or Enter, or press ? or * to list all spells.
Flames lash the boulder beetle.
The boulder beetle is lightly wounded.
The boulder beetle's fire resistance burns away.
The boulder beetle is engulfed in blazing flames.
The boulder beetle barely misses you.
A komodo dragon comes into view.
The boulder beetle is engulfed in blazing flames.
The boulder beetle bites you!!
Casting: Scorch (safe; 1% risk of failure)
Confirm with . or Enter, or press ? or * to list all spells.
Flames lash the boulder beetle but do no damage.
The komodo dragon hisses angrily.
The boulder beetle is engulfed in blazing flames.
The boulder beetle bites you!
The boulder beetle is engulfed in blazing flames.
The boulder beetle bites you!
Casting: Scorch (safe; 1% risk of failure)
Confirm with . or Enter, or press ? or * to list all spells.
Flames lash the boulder beetle but do no damage.
The boulder beetle leaps!
Casting: Scorch (safe; 1% risk of failure)
Confirm with . or Enter, or press ? or * to list all spells.
Flames lash the komodo dragon.
The komodo dragon is moderately wounded.
The komodo dragon's fire resistance burns away.
The komodo dragon barely misses you.
Casting: Scorch (safe; 1% risk of failure)
Confirm with . or Enter, or press ? or * to list all spells.
Flames lash the komodo dragon but do no damage.
The komodo dragon bites you!!
* * * LOW HITPOINT WARNING * * *
The komodo dragon completely misses you.
Casting: Scorch (safe; 1% risk of failure)
Confirm with . or Enter, or press ? or * to list all spells.
Flames lash the komodo dragon.
The komodo dragon is burned terribly!
The komodo dragon is heavily wounded.
The komodo dragon completely misses you.
The komodo dragon bites you!
You die...

...##....#.#...#.#........
#.+.#....##..P#.....#P....
#...##...P##.##.....####..
##.#.....P.#..#..#..# .
....................#
......................
........###############
........#...♣♣ ♣♣♣♣♣.
..^.....#....♣♣♣@♣♣.##### .♣
...............B♣l♣.#Y.. ♣.♣
........#....♣♣♣♣♣..##+##..♣
##.#....#...♣♣ ♣♣♣.....♣
..#.#...##### ##♣.♣##
...##...# ♣.Y♣ ....#...#
♣DY♣♣ ........# ♣YY♣
...#....# ♣..♣


You could see a boulder beetle and a komodo dragon (combustible).

Vanquished Creatures
  4 hydras
  A catoblepas (Lair:4)
  5 two-headed ogres
  2 death yaks
  An orb spider (Lair:4)
  2 merfolk sirens (Lair:4)
  A black mamba (Lair:5)
  Joseph (D:10)
  8 cane toads
  Maurice (D:11)
  A gargoyle (D:7)
  2 rime drakes
  A kobold demonologist (D:10)
  8 komodo dragons
  2 merfolk (Lair:4)
  5 trolls
  A hornet (D:7)
  Prince Ribbit (D:8)
  A polar bear (Lair:4)
  8 blink frogs
  A dream sheep (Lair:5)
  3 wraiths
  2 shadows
  35 yaks
  Grum (D:10)
  3 wyverns
  A basilisk (Lair:2)
  2 steam dragons
  12 water moccasins
  4 ice beasts
  6 black bears
  8 orc warriors
  4 sky beasts
  2 ogres
  6 wolves
  8 centaurs
  3 phantoms
  5 kobold brigands
  14 bullfrogs
  4 gnoll sergeants
  A scorpion (D:5)
  4 wights
  11 killer bees
  11 howler monkeys
  10 electric eels
  3 gnoll shamans
  6 orc priests
  5 hounds
  3 jellies
  An iguana (D:7)
  5 orc wizards
  Robin (D:2)
  25 gnolls
  4 adders
  3 shadow imps
  3 white imps
  An ufetubus (D:4)
  3 worms
  5 dart slugs
  34 orcs
  11 ball pythons
  12 endoplasms
  7 giant cockroaches
  40 goblins
  28 hobgoblins
  3 jackals (D:1)
  17 kobolds
  6 quokkas
  4 bats
  5 frilled lizards
  6 rats
458 creatures vanquished.

Vanquished Creatures (collateral kills)
  17 foxfires
17 creatures vanquished.

Vanquished Creatures (others)
  1115 foxfires
  21 fungi
  49 plants
1185 creatures vanquished.

Grand Total: 1660 creatures vanquished

Notes
Turn   | Place    | Note
-------+----------+-------------------------------------------
     0 | D:1      | kae the Tengu Fire Elementalist began the quest for the
                  | Orb.
     0 | D:1      | Reached XP level 1. HP: 10/10 MP: 4/4
   217 | D:1      | Found Egun's Book Shoppe.
   231 | D:1      | Reached XP level 2. HP: 16/16 MP: 1/6
   860 | D:1      | Reached XP level 3. HP: 20/20 MP: 4/7
   863 | D:1      | Learned a level 2 spell: Scorch
   867 | D:1      | Learned a level 3 spell: Conjure Flame
  1252 | D:1      | Reached skill level 1 in Armour
  1411 | D:1      | Reached skill level 1 in Fighting
  1707 | D:2      | Found a bloodstained altar of Trog.
  1735 | D:2      | Reached skill level 4 in Fire Magic
  1812 | D:2      | Reached XP level 4. HP: 25/25 MP: 5/8
  2621 | D:3      | Noticed Robin
  2623 | D:3      | Gained mutation: Your magical nature lets you fly swiftly
                  | and evasively. [Tengu growth]
  2623 | D:3      | Reached XP level 5. HP: 26/29 MP: 7/9
  2656 | D:2      | Killed Robin
  3375 | D:3      | You are sucked into a shaft and drop 1 floor!
  4130 | D:4      | Reached XP level 6. HP: 32/35 MP: 4/11
  4181 | D:4      | Noticed a water moccasin
  4238 | D:4      | Killed a water moccasin
  4239 | D:4      | Reached skill level 5 in Fire Magic
  5158 | D:5      | Entered Level 5 of the Dungeon
  5227 | D:5      | Found a staircase to the Ecumenical Temple.
  5237 | Temple   | Entered the Ecumenical Temple
  5514 | D:5      | Identified the +7 trident of Anips {protect, MP+9 Str+2}
  5527 | D:5      | Identified the +7 hand axe of the Common Good {vorpal, rC+}
  5658 | D:5      | Reached XP level 7. HP: 40/40 MP: 6/12
  5947 | D:5      | Found a runed translucent door.
  6016 | D:5      | Noticed a steam dragon
  6027 | D:5      | Killed a steam dragon
  6028 | D:5      | Reached skill level 6 in Fire Magic
  6205 | D:5      | Reached XP level 8. HP: 38/46 MP: 14/14
  6563 | D:5      | Noticed qborf's ghost (amateur DjIE)
  7653 | D:6      | Noticed a wraith
  7673 | D:6      | Killed a wraith
  7674 | D:6      | Reached skill level 5 in Conjurations
  7796 | D:6      | Identified the +2 leather armour of Sorcery {Fly Dex-5 SInv
                  | Stlth+}
  7844 | D:6      | Reached skill level 7 in Fire Magic
  7996 | D:6      | Reached skill level 5 in Dodging
  8006 | D:6      | Reached XP level 9. HP: 28/52 MP: 16/16
  8980 | D:7      | Reached skill level 8 in Fire Magic
  9272 | D:7      | Reached skill level 5 in Armour
  9611 | D:7      | Noticed a hornet
  9618 | D:7      | Killed a hornet
  9649 | D:7      | Identified the ring of Life {rC+ Int+4 Dex+6}
  9735 | D:7      | Reached skill level 5 in Spellcasting
  9900 | D:7      | Reached skill level 5 in Fighting
  9900 | D:7      | Reached XP level 10. HP: 59/59 MP: 18/18
 10027 | D:7      | Reached skill level 9 in Fire Magic
 10217 | D:7      | Noticed a gargoyle
 10348 | D:7      | Identified the +6 arbalest of Neppiluo {speed, rElec rF++}
 10371 | D:7      | Killed a gargoyle
 10808 | D:8      | Found a snail-covered altar of Cheibriados.
 10811 | D:8      | Found a sacrificial altar of Ru.
 10821 | D:8      | Found a shadowy altar of Dithmenos.
 10821 | D:8      | Found a glowing golden altar of the Shining One.
 10830 | D:8      | Found a basalt altar of Yredelemnul.
 10884 | D:8      | Noticed Prince Ribbit
 10929 | D:8      | Killed Prince Ribbit
 11579 | D:8      | Noticed a two-headed ogre
 11623 | D:8      | Killed a two-headed ogre
 11624 | D:8      | Reached skill level 10 in Fire Magic
 12285 | D:8      | Reached XP level 11. HP: 58/64 MP: 21/21
 12336 | D:8      | HP: 3/64 [poisoned by a killer bee]
 12549 | D:9      | Noticed a two-headed ogre
 12643 | D:9      | Noticed a two-headed ogre
 12845 | D:8      | Killed a two-headed ogre
 13076 | D:9      | Killed a two-headed ogre
 13651 | D:10     | Entered Level 10 of the Dungeon
 14516 | D:10     | Found an opulent altar of Gozag.
 15033 | D:10     | Reached skill level 11 in Fire Magic
 15275 | D:10     | Noticed Grum
 15340 | D:10     | Noticed Joseph
 15355 | D:10     | Killed Joseph
 15655 | D:10     | Found a sparkling altar of Nemelex Xobeh.
 15672 | D:10     | Found a bloodstained altar of Trog.
 17667 | D:10     | Found an opulent altar of Gozag.
 17672 | D:10     | Found a sparkling altar of Nemelex Xobeh.
 17687 | D:10     | Found a bloodstained altar of Trog.
 17692 | D:10     | Found a radiant altar of Vehumet.
 17996 | D:10     | Reached XP level 12. HP: 72/72 MP: 23/23
 18365 | D:10     | Learned a level 4 spell: Flame Wave
 18369 | D:10     | Learned a level 3 spell: Inner Flame
 18379 | D:11     | Noticed a two-headed ogre
 18761 | D:11     | Noticed a two-headed ogre
 18774 | D:11     | Killed a two-headed ogre
 18800 | D:11     | Noticed Maurice
 18814 | D:11     | Killed Maurice
 18985 | D:11     | Found a staircase to the Lair.
 19311 | D:11     | Reached skill level 12 in Fire Magic
 19469 | D:10     | Killed Grum
 19487 | D:10     | Became a worshipper of Vehumet
 19561 | D:11     | Found a staircase to the Orcish Mines.
 19609 | D:11     | Reached skill level 10 in Conjurations
 19686 | D:10     | Killed a two-headed ogre
 20244 | Lair:1   | Entered Level 1 of the Lair of Beasts
 20594 | Lair:1   | Reached * piety under Vehumet
 20594 | Lair:1   | Offered knowledge of Shock by Vehumet.
 20762 | Lair:1   | Found a glowing silver altar of Zin.
 23266 | Lair:2   | Noticed an eight-headed hydra
 23282 | Lair:2   | Killed an eight-headed hydra
 23283 | Lair:2   | Reached XP level 13. HP: 23/78 MP: 25/25
 23599 | Lair:2   | Reached skill level 13 in Fire Magic
 23888 | Lair:2   | Identified the +3 trident of Egallopt {venom, Fragile rC+
                  | rN+ rCorr}
 24394 | Lair:3   | Noticed Rupert
 24416 | Lair:3   | Paralysed by Rupert for 7 turns
 25809 | Lair:4   | Found a staircase to the Shoals.
 26089 | Lair:4   | Found a hole to the Spider Nest.
 28751 | Lair:5   | Noticed Protee's ghost (journeyman NaIE)
 28755 | Lair:5   | Found a runed translucent door.
 29491 | Lair:4   | HP: 3/79 [death yak (9)]
 29832 | Lair:4   | Reached skill level 10 in Dodging
 30774 | Lair:4   | Found a hole to the Spider Nest.
 31011 | Lair:5   | Learned a level 7 spell: Orb of Destruction
 31090 | Lair:5   | Slain by a komodo dragon

Illustrated notes

Levels and vault maps discovered:
D:1:      sevenhm_arrival_forest_fort_large_1, layout_basic, serial_shops, shop
D:2:      layout_rooms, basic_altar, minmay_between
D:3:      layout_loops_cross, uniq_robin
D:4:      layout_cave_pods
D:5:      layout_basic, minmay_temple_entry_arrows,
          ebering_ghost_reflecting_pool
D:6:      minmay_goblin_kobold_castle, layout_basic
D:7:      kennysheep_windowed_halls, layout_basic, serial_aquarium,
          aquarium_bridge_straight [aquarium_subvault_bridge,
          aquarium_subvault_wall, aquarium_subvault_bridge,
          aquarium_subvault_wall], aquarium_window_1,
          aquarium_window_corridor_1, aquarium_view_2d, aquarium_balcony_3a,
          chequers_big_river
D:8:      layout_loops_ring, nicolae_overflow_hallway_of_the_gods,
          kennysheep_opposing_triangles, uniq_prince_ribbit1
D:9:      layout_cave_pools
D:10:     layout_cave_pools, nemelex_spade_bored_becter,
          nicolae_overflow_hidden_temple, kennysheep_generic_room_4,
          uniq_joseph, uniq_grum
D:11:     layout_cave_pools, erik_lair_island,
          kennysheep_orc_monster_closet_entryway, uniq_maurice
Temple:   oiseaux_autumnal_temple
Lair:1:   layout_cave_pods, basic_altar, beast_lair_carwin_3
Lair:2:   layout_big_grid, fungi_pond_lemuel, serial_bayou_lake_a
Lair:3:   layout_hall_layers, uniq_rupert
Lair:4:   layout_concentric_octagons, elwin_shoals_entry_stream,
          nicolae_spider_entry_orb_guardian
Lair:5:   nzn_winding_woodlands_large [nzn_winding_woodlands_5x5_open_star,
          nzn_winding_woodlands_5x15_cabin, nzn_winding_woodlands_5x5_cross,
          nzn_winding_woodlands_center_triple_pond,
          nzn_winding_woodlands_15x15_thick_spiral,
          nzn_winding_woodlands_center_garden,
          nzn_winding_woodlands_5x5_default,
          nzn_winding_woodlands_5x15_sawtooth,
          nzn_winding_woodlands_5x5_perimeter], layout_regular_city,
          hellmonk_ghost_happy_afterlife, minivault_19

Skill      XL: |  1  2  3  4  5  6  7  8  9 10 11 12 13 |
---------------+----------------------------------------+-----
Armour         | 1 2 3 4 5 6 7 9 |  9.8
Fighting       | 1 2 3 4 5 6 7 8 |  8.8
Fire Magic     | 4 5 6 7 8 10 11 12 13 | 13.9
Conjurations   | 2 3 4 5 6 8 9 10 11 | 11.5
Dodging        | 3 4 5 6 7 8 9 10 | 10.0
Spellcasting   | 3 4 5 6 7 8 |  8.5
Stealth        | |  2.0

Action                   |  1- 3 |  4- 6 |  7- 9 | 10-12 | 13-15 || total
-------------------------+-------+-------+-------+-------+-------++-------
Melee: Unarmed           |    14 |       |       |       |       ||    14
       Kick              |     4 |     6 |    18 |    37 |     7 ||    72
       Peck              |     3 |     1 |    10 |    22 |     5 ||    41
       Rapier            |     1 |     9 |       |       |       ||    10
       Short sword       |       |     4 |       |       |       ||     4
       Trident           |       |     1 |   128 |    98 |    17 ||   244
       Punch             |       |       |       |     3 |       ||     3
 Cast: Foxfire           |    67 |   101 |   129 |   266 |   101 ||   664
       Scorch            |     1 |    25 |    43 |   276 |   126 ||   471
       Conjure Flame     |       |       |     7 |     6 |    14 ||    27
       Flame Wave        |       |       |       |     7 |     2 ||     9
       Inner Flame       |       |       |       |     5 |    14 ||    19
  Use: Scroll            |       |     6 |     8 |    11 |     4 ||    29
       Potion            |       |       |       |     3 |       ||     3
 Stab: Sleeping          |     1 |     1 |     2 |     3 |       ||     7
       Distracted        |       |       |       |     1 |       ||     1
Armor: Robe              |     4 |     4 |       |       |       ||     8
       Steam dragon scal |       |       |    39 |   147 |    47 ||   233
Dodge: Dodged            |    20 |    21 |   102 |   984 |   253 ||  1380
Block: Other             |       |     3 |    37 |    10 |       ||    50
       Reflection        |       |       |     3 |     1 |       ||     4

Table legend: (Time is in decaauts)
 A = Elapsed time spent in this place.
 B = Non-inter-level travel time spent in this place.
 C = Inter-level travel time spent in this place.
 D = Time resting spent in this place.
 E = Time spent auto-exploring this place.
 F = Levels seen in this place.
 G = Mean time per level.
                   A        B        C        D        E       F      G
               +--------+--------+--------+--------+--------+-----+--------+
         Total |  30081 |  29046 |   1035 |   7184 |  17339 |  17 | 1769.5 |
       Dungeon |  19667 |  18980 |    687 |   4498 |  11288 |  11 | 1787.9 |
        Temple |    247 |    230 |     17 |      0 |    217 |   1 |  247.0 |
          Lair |  10166 |   9836 |    330 |   2685 |   5833 |   5 | 2033.2 |
               +--------+--------+--------+--------+--------+-----+--------+

Top non-repeatable levels by time:
    D:10: 4050 daAuts
  Lair:4: 3649 daAuts
  Lair:2: 2109 daAuts
     D:6: 2085 daAuts
     D:8: 2003 daAuts
     D:9: 1971 daAuts
     D:7: 1864 daAuts
     D:1: 1613 daAuts
  Lair:3: 1565 daAuts
    D:11: 1510 daAuts
  Lair:5: 1436 daAuts
  Lair:1: 1405 daAuts
     D:3: 1383 daAuts
     D:4: 1330 daAuts
     D:5: 1117 daAuts
